 Dungeon Crawl Stone Soup version 0.29.1-1-gd02db6906a (webtiles) character file.

Game seed: 9477745435387640112

19655 Demigod47 the Bludgeoner (level 12, -1/110 HPs)
             Began as a Minotaur Fighter on Oct 10, 2022.
             Was a High Priest of Okawaru.
             Slain by a titanic slime creature (15 damage)
             ... on level 12 of the Dungeon.
             The game lasted 00:24:41 (15009 turns).

Demigod47 the Bludgeoner (Minotaur Fighter)        Turns: 15009, Time: 00:24:42

Health: -1/110     AC: 23    Str: 25    XL:     12   Next: 38%
Magic:  11/11      EV:  9    Int:  9    God:    Okawaru [*****.]
Gold:   2114       SH:  6    Dex: 14    Spells: 11/11 levels left

rFire   + . .      SeeInvis .   t - +11 mace of Departure {vorpal, Int+4 Dex+3}
rCold   . . .      Faith    .   c - +0 buckler
rNeg    . . .      Spirit   .   u - +3 plate armour
rPois   .          Reflect  .   (helmet restricted)
rElec   .          Harm     .   d - +0 cloak
rCorr   .          Rampage  .   (no gloves)
Will    .....                   C - +0 pair of boots
Stlth   ..........              (no amulet)
HPRegen 0.28/turn               o - +4 ring of slaying
MPRegen 0.12/turn               q - ring of protection from fire

@: studying Armour
A: horns 2, retaliatory headbutt
a: Renounce Religion, Heroism, Finesse, Duel


You were on level 12 of the Dungeon.
You worshipped Okawaru.
Okawaru was extremely pleased with you.
You visited 2 branches of the dungeon, and saw 13 of its levels.
You also visited: Sewer.

You collected 2114 gold pieces.

Inventory:

Hand Weapons
 t - the +11 mace of Departure (weapon) {vorpal, Int+4 Dex+3}
   (You found it in a sewer)

   It inflicts extra damage upon your enemies.
   Int:       It affects your intelligence (+4).
   Dex:       It affects your dexterity (+3).
 B - a +3 flail
Missiles
 x - 3 javelins (quivered)
 F - 2 throwing nets
Armour
 c - a +0 buckler (worn)
 d - a +0 cloak (worn)
 u - a +3 plate armour (worn)
 C - a +0 pair of boots (worn)
Jewellery
 e - a ring of positive energy
 o - a +4 ring of slaying (left hand)
 q - a ring of protection from fire (right hand)
 D - a ring of flight
Wands
 h - a wand of roots (27)
 p - a wand of polymorph (10)
 r - a wand of quicksilver (4)
 v - a wand of paralysis (5)
 w - a wand of flame (21)
 E - a wand of mindburst (12)
Scrolls
 a - 2 scrolls of amnesia
 g - 2 scrolls of noise
 i - a scroll of summoning
 j - 2 scrolls of vulnerability
 k - 3 scrolls of poison
 l - 4 scrolls of identify
 m - 3 scrolls of magic mapping
 n - 2 scrolls of fear
 s - 2 scrolls of blinking
 y - 4 scrolls of butterflies
 z - 3 scrolls of teleportation
 H - a scroll of enchant armour
Potions
 b - 2 potions of mutation {unknown}
 f - 12 potions of curing
 A - a potion of brilliance
 G - a potion of haste


   Skills:
 + Level 11.0 Fighting
 - Level 0.1(10.2) Axes
 * Level 15.8 Maces & Flails
 + Level 15.4 Armour
 + Level 4.4 Dodging
 + Level 1.8 Stealth
 + Level 9.5 Shields
 + Level 1.3 Unarmed Combat
 + Level 0.5 Invocations


You had 11 spell levels left.
You didn't know any spells.
Your spell library contained the following spells:

 Spells                   Type           Power      Damage    Failure   Level
 Magic Dart               Conj           0%         1d3       98%         1
 Necrotise                Necr           0%         1d4       98%         1
 Sting                    Tmut/Pois      0%         1d3       98%         1
 Poisonous Vapours        Pois/Air       0%         N/A       99%         2
 Static Discharge         Conj/Air       0%         3-3/arc   99%         2
 Mephitic Cloud           Conj/Pois/Air  0%         N/A       100%        3
 Stone Arrow              Conj/Erth      0%         3d7       100%        3
 Vampiric Draining        Necr           0%         2d6       100%        3
 Cause Fear               Hex            0%         N/A       100%        4
 Olgreb's Toxic Radiance  Pois           0%         N/A       100%        4
 Agony                    Necr           0%         N/A       100%        5
 Blade Hands              Tmut           0%         N/A       100%        5
 Fireball                 Conj/Fire      0%         3d3       100%        5
 Lightning Bolt           Conj/Air       0%         1d11      100%        5
 Conjure Ball Lightning   Conj/Air       0%         3x3d6     100%        6
 Iron Shot                Conj/Erth      0%         9d1       100%        6
 Statue Form              Tmut/Erth      0%         N/A       100%        6
 Dragon Form              Tmut           0%         N/A       100%        7
 Lehudib's Crystal Spear  Conj/Erth      0%         10d2      100%        8
 Maxwell's Capacitive Co  Air            0%         ∞         100%        8
 Call Imp                 Summ           Unusable   N/A       N/A         2
 Animate Armour           Summ/Erth      Unusable   N/A       N/A         4
 Dragon's Call            Summ           Unusable   N/A       N/A         9

Dungeon Overview and Level Annotations

Branches:
Dungeon (12/15)            Temple (1/1) D:5            Lair (0/5) D:10
    Orc (0/2) D:11          Sewer (visited)

Altars:
Elyvilon
Hepliaklqana
Nemelex Xobeh
Okawaru
Qazlal
Wu Jian
Xom
Yredelemnul
Zin
The Shining One

Annotations:
D:8 2 transporters
D:12 caveywoolpert's ghost, journeyman TrBe


Innate Abilities, Weirdness & Mutations

You have a pair of horns on your head.
You reflexively headbutt those who attack you in melee.


Message History

You sock the very large slime creature!
The very large slime creature is heavily wounded.
You hit the very large slime creature.
The very large slime creature is heavily wounded.
A slime creature comes into view.
You barely miss the very large slime creature.
Your headbutt misses the very large slime creature.
The very large slime creature is heavily wounded.
Two slime creatures merge to form a very large slime creature.
You sock the very large slime creature!
You headbutt the very large slime creature!
The very large slime creature is severely wounded.
You hit the very large slime creature.
The very large slime creature is severely wounded.
The very large slime creature hits you!
Okay, then.
You gain the combat prowess of a mighty hero.
The very large slime creature hits you!!
* * * LOW HITPOINT WARNING * * *
You fail to use your ability.
You block the very large slime creature's attack.
A very large slime creature splits.
Two slime creatures merge to form a titanic slime creature.
You block the slime creature's attack.
The slime creature attacks as you move away!
You block the slime creature's attack. The slime creature barely misses you.
You furiously retaliate!
You headbutt the slime creature!
The slime creature attacks as you move away!
The slime creature completely misses you.
You feel like a meek peon again.
The slime creature completely misses you.
You furiously retaliate!
You headbutt the slime creature!
You kill the slime creature!
Okawaru accepts your kill.
Your Fighting skill increases to level 11!
The titanic slime creature attacks as you move away!
The titanic slime creature hits you but does no damage.
The titanic slime creature hits you!
You die...

#.###.# # #.##..# .
#.#..## ###^#.## #.....#
###.#.......# ##
#####...######### ###.
#......J..# #...
#.......@.###### #.#.
#..............# ###...
#..............#####....#
#.........#..........####
###########....#######
#....# ######


You could see a titanic slime creature.

Vanquished Creatures
  A hydra (D:12)
  A boulder beetle (D:11)
  2 two-headed ogres
  Nergalle (D:10)
  A cyclops (D:11)
  Maggie (D:8)
  A kobold demonologist (D:11)
  2 komodo dragons
  6 trolls
  A slime creature (D:12)
  Sigmund (D:3)
  The ghost of NaughtyZerg the Caller, an amateur DESu of Gozag (D:6)
  Eustachio (D:5)
  A vampire (D:8)
  4 wyverns
  40 yaks
  A wraith (D:9)
  2 steam dragons
  Menkaure (D:5)
  3 vampire mosquitoes (D:11)
  An acid dragon (D:9)
  Duvessa (D:5)
  An ice beast (D:6)
  11 orc warriors
  A sky beast (D:7)
  4 black bears
  8 ogres
  7 centaurs
  6 bullfrogs
  A scorpion (D:6)
  Dowan (D:5)
  3 wights (D:8)
  17 killer bees
  4 howler monkeys
  A quasit (D:5)
  3 jellies
  9 orc priests
  Crazy Yiuf (D:2)
  A gnoll bouda (D:9)
  3 hounds
  4 iguanas
  Terence (D:3)
  Natasha (thrice) (D:3)
  11 orc wizards
  Robin (D:3)
  11 adders
  8 gnolls
  2 shadow imps
  A white imp (D:5)
  4 ufetubi
  A worm (D:4)
  89 orcs
  11 ball pythons
  4 endoplasms
  10 giant cockroaches
  19 goblins
  9 hobgoblins
  6 jackals (D:3)
  5 quokkas
  3 bats
  10 frilled lizards
  9 kobolds
  5 rats
  A spectral kobold (D:2)
384 creatures vanquished.

Vanquished Creatures (others)
  A gnoll (D:9)
  A demonic plant (D:5)
  38 plants
40 creatures vanquished.

Grand Total: 424 creatures vanquished

Notes
Turn   | Place    | Note
-------+----------+-------------------------------------------
     0 | D:1      | Demigod47 the Minotaur Fighter began the quest for the Orb.
     0 | D:1      | Reached XP level 1. HP: 19/19 MP: 0/0
   594 | D:2      | Reached XP level 2. HP: 27/27 MP: 1/1
   718 | D:2      | Reached XP level 3. HP: 31/33 MP: 2/2
  1106 | D:2      | Found a faded altar of an unknown god.
  1344 | D:2      | Found a sparkling altar of Nemelex Xobeh.
  1409 | D:2      | Identified the +6 sling of the Illusory Deaths {vorpal,
                  | *Corrode Str+4 Int+3}
  1651 | D:2      | Found a runed translucent door.
  1652 | D:2      | Noticed Crazy Yiuf
  1665 | D:2      | Killed Crazy Yiuf
  1666 | D:2      | Reached XP level 4. HP: 11/40 MP: 3/3
  2049 | D:3      | Noticed Sigmund
  2061 | D:3      | Killed Sigmund
  2062 | D:3      | Reached skill level 5 in Maces & Flails
  2062 | D:3      | Reached skill level 5 in Armour
  2062 | D:3      | Reached XP level 5. HP: 25/46 MP: 4/4
  2211 | D:3      | Noticed Terence
  2230 | D:3      | Killed Terence
  2231 | D:3      | Reached XP level 6. HP: 31/52 MP: 5/5
  2442 | D:3      | Found a hazy altar of Hepliaklqana.
  2443 | D:3      | Found a glowing silver altar of Zin.
  2640 | D:3      | Reached skill level 1 in Dodging
  2904 | D:3      | Noticed Natasha
  2912 | D:3      | Killed Natasha
  2985 | D:3      | Found a white marble altar of Elyvilon.
  3028 | D:3      | Noticed Robin
  3038 | D:3      | Killed Robin
  3090 | D:3      | Noticed Natasha
  3096 | D:3      | Killed Natasha
  3100 | D:3      | Found a basalt altar of Yredelemnul.
  3218 | D:3      | Noticed Natasha
  3224 | D:3      | Killed Natasha
  3439 | D:4      | Got Xysuetof's Catalogue of Confrontation and the Figure
  3557 | D:4      | Found a glowing drain.
  3584 | Sewer    | Entered a sewer
  3807 | Sewer    | Reached XP level 7. HP: 60/60 MP: 6/6
  4013 | Sewer    | Identified the +11 mace of Departure {vorpal, Int+4 Dex+3}
  4604 | D:5      | Entered Level 5 of the Dungeon
  4604 | D:5      | Noticed Duvessa
  4604 | D:5      | Noticed Dowan
  4613 | D:5      | Killed Duvessa
  4617 | D:5      | Killed Dowan
  4918 | D:5      | Noticed Eustachio
  4923 | D:5      | Reached skill level 5 in Fighting
  4923 | D:5      | Reached XP level 8. HP: 63/68 MP: 7/7
  4944 | D:5      | Killed Eustachio
  5092 | D:5      | Found a staircase to the Ecumenical Temple.
  5101 | Temple   | Entered the Ecumenical Temple
  5137 | Temple   | Became a worshipper of Warmaster Okawaru
  5334 | D:5      | Noticed Menkaure
  5338 | D:5      | Killed Menkaure
  5799 | D:6      | Found a transporter.
  5803 | D:6      | Noticed NaughtyZerg's ghost (amateur DESu)
  5804 | D:6      | Found a transporter.
  5849 | D:6      | Reached skill level 1 in Stealth
  5872 | D:6      | Reached * piety under Okawaru
  5873 | D:6      | Reached skill level 10 in Maces & Flails
  5873 | D:6      | Reached skill level 5 in Shields
  6209 | D:6      | Reached XP level 9. HP: 75/75 MP: 8/8
  6283 | D:6      | Reached skill level 1 in Unarmed Combat
  6837 | D:6      | Identified 2 scrolls of acquirement
  6839 | D:6      | Acquired 1169 gold pieces
  6843 | D:6      | Acquired a manual of Armour
  6975 | D:6      | Reached ** piety under Okawaru
  6979 | D:6      | Killed NaughtyZerg's ghost
  8123 | D:7      | Identified the +0 robe of the Gardener {rC+ Int+4 Stlth+}
  8328 | D:7      | Reached *** piety under Okawaru
  8732 | D:8      | Reached XP level 10. HP: 81/86 MP: 9/9
  8734 | D:8      | Found a transporter.
  8742 | D:8      | Found a transporter.
  8743 | D:8      | Noticed Maggie
  9451 | D:8      | Killed Maggie
  9452 | D:8      | Reached skill level 10 in Armour
  9591 | D:8      | Reached **** piety under Okawaru
  9755 | D:8      | Found a transporter.
  9760 | D:8      | Found a transporter.
 10314 | D:9      | Noticed a two-headed ogre
 10326 | D:9      | Killed a two-headed ogre
 10694 | D:9      | Reached ***** piety under Okawaru
 10719 | D:9      | Reached XP level 11. HP: 73/95 MP: 10/10
 11378 | D:10     | Entered Level 10 of the Dungeon
 11706 | D:10     | Found a staircase to the Lair.
 11721 | D:10     | Identified the +3 ring mail of Free Will {Harm rC- Str+5
                  | Dex-2} (Okawaru gifted it to you on level 10 of the
                  | Dungeon)
 11721 | D:10     | Received a gift from Okawaru
 12160 | D:10     | Noticed Nergalle
 12176 | D:10     | Killed Nergalle
 12456 | D:10     | Found an ornate altar of the Wu Jian Council.
 13289 | D:11     | Reached skill level 15 in Maces & Flails
 13467 | D:11     | Noticed a boulder beetle
 13498 | D:11     | Killed a boulder beetle
 13499 | D:11     | Reached skill level 10 in Fighting
 13499 | D:11     | Reached XP level 12. HP: 75/106 MP: 11/11
 13764 | D:11     | Noticed a two-headed ogre
 13770 | D:11     | Killed a two-headed ogre
 13770 | D:11     | Identified the +6 dire flail "Qamothrasukh" {elec, rC+}
                  | (Okawaru gifted it to you on level 11 of the Dungeon)
 13770 | D:11     | Received a gift from Okawaru
 13771 | D:11     | Reached skill level 15 in Armour
 13813 | D:11     | Found a staircase to the Orcish Mines.
 14719 | D:12     | Noticed a fire giant
 14719 | D:12     | Noticed caveywoolpert's ghost (journeyman TrBe)
 14774 | D:12     | Noticed an eight-headed hydra
 14781 | D:12     | Killed an eight-headed hydra
 15009 | D:12     | Slain by a titanic slime creature

Illustrated notes

Levels and vault maps discovered:
D:1:      matt_arrival_grand_opening, layout_rooms
D:2:      kennysheep_six_static_rooms, layout_loops_corners,
          dreamdust_ecumenical_altar_drowned_temple, basic_altar,
          uniq_crazy_yiuf_cottage
D:3:      layout_basic, kennysheep_ying_yang, nicolae_overflow_squiral,
          uniq_natasha, uniq_terence, uniq_robin, uniq_sigmund
D:4:      layout_gridville, cheibrodos_sewer_entry_bend,
          kennysheep_generic_room_4
D:5:      layout_loops_cross, minmay_temple_entry_purple_smoke, serial_demonic,
          serial_demonic_b, serial_demonic_a, serial_demonic_e,
          serial_demonic_c, uniq_eustachio, uniq_menkaure, uniq_duvessa
D:6:      layout_loops_corners, gammafunk_ghost_smash, hangedman_glass_teeth
D:7:      layout_basic, nrook_loot_triangle, dreamdust_wishing_well
D:8:      layout_loops_corners, grunt_ministairs_1, nicolae_transporter_circle,
          uniq_maggie
D:9:      layout_roguey [special_room_orc], mumra_transporter_accident,
          serial_bayou_pond_c, corexii_hall_statues_i
D:10:     layout_stronghold, nicolae_wu_jian_immortal_techniques,
          david_lair_shrubbed, dk_noncrumbling_3, kennysheep_generic_room_11,
          uniq_nergalle
D:11:     layout_basic, hiddenorc2_lemuel, special_room [special_room_orc]
D:12:     layout_rooms, gauntlet_entry_generic, gammafunk_ghost_split
Temple:   minmay_crystal_spiral_temple

Skill      XL: |  1  2  3  4  5  6  7  8  9 10 11 12 |
---------------+-------------------------------------+-----
Maces & Flails | 3 4 5 6 8 10 11 13 15 | 15.8
Shields        | 4 5 6 7 8 9 |  9.5
Armour         | 4 5 6 7 9 12 14 15 | 15.4
Fighting       | 4 5 7 8 10 11 | 11.0
Dodging        | 1 2 3 4 |  4.4
Stealth        | 1 |  1.8
Unarmed Combat | 1 |  1.3
Axes           | |  0.1
Invocations    | |  0.5

Action                   |  1- 3 |  4- 6 |  7- 9 | 10-12 || total
-------------------------+-------+-------+-------+-------++-------
Melee: Flail             |    67 |   142 |    21 |       ||   230
       Headbutt          |     5 |    16 |    19 |    74 ||   114
       Mace              |       |       |   147 |   408 ||   555
       Unarmed           |       |       |    10 |       ||    10
Invok: Heroism           |       |       |     1 |     5 ||     6
  Use: Potion            |     4 |     1 |     5 |     3 ||    13
       Scroll            |       |       |    11 |     6 ||    17
Armor: Scale mail        |    32 |    72 |    76 |     1 ||   181
       Plate armour      |       |       |       |   264 ||   264
Dodge: Dodged            |    33 |    77 |   119 |   200 ||   429
Block: Buckler           |    13 |    39 |    52 |   167 ||   271
